Map: Deathaura LE

Players

Future - Winner!

  • Race: Terran Terran
  • Spawn Location: 11:00

Vindicta

  • Race: Terran Terran
  • League: Master
  • Spawn Location: 5:00

Event: DreamHack SC2 Masters 2020 Winter

VOD

Have the link to the VOD?

Description

Time

  • Played on: Oct. 27, 2020, 3:26 p.m.
  • Length: 14:11

All games in this series

Show
View Real Time Build Order
Export as new Build Order

Future Terran - Winner!

Build Orders: Gas First Reaper Expand, Liberator Opening 

Get SALT Encoding   

  12  0:00  SCV  
  13  0:12  SCV  
  14  0:17  Supply Depot  
  14  0:25  SCV  
  14  0:28  Refinery  
  15  0:38  SCV  
  16  0:45  Barracks  
  16  0:50  SCV  
  17  1:03  SCV  
  18  1:15  SCV  
  19  1:32  Reaper, Orbital Command  
  20  1:42  Command Center  
  20  1:54  Factory  
  20  1:58  SCV  
  21  2:05  Barracks Reactor  
  21  2:10  SCV  
  21  2:13  Supply Depot  
  22  2:18  Refinery  
  22  2:22  SCV  
  23  2:34  SCV  
  24  2:42  Starport  
  24  2:47  SCV, Hellion x2  
  29  2:56  Orbital Command  
  29  2:59  SCV  
  30  3:09  Hellion  
  30  3:11  Hellion  
  34  3:13  SCV  
  34  3:19  Liberator  
  40  3:30  Hellion  
  40  3:32  Hellion  
  42  3:34  Supply Depot  
  42  3:38  SCV x2  
  42  3:40  Barracks Tech Lab  
  44  3:50  SCV x2, Supply Depot  
  46  4:02  SCV x2, Siege Tank  
  51  4:04  Starport Tech Lab  
  51  4:10  Refinery  
  51  4:11  Marine x2  
  51  4:14  SCV x2  
  53  4:28  Marine x2  
  45  4:31  SCV  
  45  4:32  SCV  
  45  4:35  Raven  
  45  4:36  Refinery  
  48  4:41  Siege Tank  
  48  4:43  SCV  
  48  4:44  SCV  
  53  4:46  Marine x2  
  53  4:47  Supply Depot  
  55  4:54  Starport  
  55  4:55  SCV  
  55  4:56  SCV  
  57  5:04  Marine x2  
  59  5:09  Supply Depot  
  59  5:10  SCV  
  59  5:11  SCV  
  59  5:13  Siege Tank  
  64  5:21  Viking, Supply Depot  
  64  5:23  SCV x2  
  68  5:33  Barracks Tech Lab  
  68  5:35  SCV x2, Supply Depot  
  70  5:36  Viking x2  
  74  5:44  Supply Depot  
  74  5:47  SCV x2  
  76  5:52  Viking  
  76  5:53  Siege Tank  
  81  5:57  Marine  
  81  6:00  SCV  
  81  6:01  SCV  
  84  6:06  Supply Depot  
  84  6:08  Viking x2  
  88  6:24  SCV x2, Viking  
  90  6:36  Stimpack  
  90  6:38  Viking x2  
  94  6:41  SCV x2  
  94  6:43  Barracks  
  94  6:46  Barracks  
  96  6:53  Siege Tank  
  94  6:58  SCV x2  
  96  7:07  Engineering Bay, Barracks  
  96  7:09  Refinery  
  96  7:10  SCV x2, Engineering Bay  
  98  7:22  SCV  
  98  7:24  SCV  
  98  7:25  Siege Tank  
  98  7:28  Command Center  
  93  7:34  SCV  
  93  7:36  SCV  
  95  7:37  Terran Infantry Weapons Level 1, Terran Infantry Armor Level 1  
  95  7:40  Barracks  
  95  7:46  SCV, Barracks Reactor x2  
  95  7:48  SCV  
  97  7:55  Barracks Reactor  
  97  7:57  Refinery  
  97  7:59  SCV  
  97  8:00  SCV, Refinery  
  97  8:02  Supply Depot  
  99  8:07  Barracks Tech Lab  
  99  8:09  Siege Tank  
  98  8:22  Marauder  
  96  8:37  Marauder, Marine x4, Barracks Tech Lab  
  102  8:43  Marauder, Command Center  
  102  8:45  Medivac x2, Orbital Command  
  102  8:46  Raven  
  109  8:55  Supply Depot  
  109  8:57  Marauder  
  109  8:58  Marauder, Marine  
  109  8:59  Marine  
  109  9:00  Marine  
  116  9:04  Marauder, Marine  
  116  9:05  Armory  
  116  9:08  Combat Shield  
  119  9:15  Marine  
  118  9:17  SCV x3  
  118  9:19  Marauder x2  
  125  9:24  Medivac x2  
  125  9:29  SCV x2  
  131  9:32  SCV  
  131  9:33  Supply Depot  
  131  9:34  Supply Depot  
  131  9:37  Marauder  
  134  9:40  Marauder, Marine x3  
  134  9:41  SCV x2  
  141  9:52  Terran Infantry Weapons Level 2  
  141  9:53  Supply Depot x2  
  141  9:54  SCV, Terran Infantry Armor Level 2  
  141  9:55  Marauder  
  141  9:57  Raven  
  146  10:02  Marauder x2  
  150  10:08  Planetary Fortress  
  150  10:11  Refinery  
  150  10:12  SCV x3  
  150  10:13  Refinery  
  153  10:21  Marauder  
  155  10:23  Marauder, Marine x2  
  155  10:24  SCV, Marine  
  162  10:28  SCV x2  
  162  10:30  Marauder  
  162  10:33  Marine  
  164  10:36  SCV  
  164  10:40  SCV  
  164  10:41  Raven, Marine  
  164  10:42  Marauder  
  171  10:44  Marauder  
  171  10:49  Command Center  
  173  10:51  Marauder  
  173  10:53  Terran Vehicle And Ship Armor Level 1  
  173  10:54  Command Center  
  173  10:55  Marine  
  173  10:56  Marine x2  
  178  10:58  Medivac x2  
  178  11:01  Supply Depot x2  
  182  11:07  SCV x2  
  182  11:08  SCV x2  
  174  11:19  SCV x2, Marauder x2  
  174  11:20  SCV x2, Marauder  
  174  11:24  Marine x3  
  174  11:25  Marine  
  186  11:31  SCV  
  184  11:41  Marauder  
  184  11:42  Barracks  
  184  11:44  Barracks  
  186  11:47  Barracks  
  186  11:48  Marine x3  
  186  11:49  Marine x2  
  186  11:54  SCV x4  
  193  11:55  Sensor Tower x2  
  195  12:11  Marauder  
  195  12:15  Marauder, Marine  
  200  12:16  Marine  
  200  12:20  Marine  
  200  12:21  Orbital Command  
  196  12:23  SCV  
  196  12:25  SCV  
  198  12:33  Marauder x2, Marine  
  198  12:34  Marine x2  
  198  12:35  SCV x2  
  198  12:36  Marine  
  198  12:37  SCV x3  
  186  12:40  Marine  
  184  12:51  SCV x3, Marine  
  165  12:52  Marine  
  165  12:54  Marauder  
  165  12:55  SCV, Marauder  
  162  13:02  Barracks Tech Lab x2  
  162  13:04  SCV x2  
  155  13:08  Barracks Tech Lab  
  155  13:09  Marauder, Marine x2  
  155  13:11  Orbital Command, Marine  
  155  13:12  Orbital Command x2  
  160  13:14  Orbital Command  
  160  13:15  SCV x3, Marauder  
  160  13:19  Missile Turret  
  165  13:21  Medivac x2  
  165  13:22  Raven  
  165  13:25  Planetary Fortress  
  171  13:29  Missile Turret  
  171  13:42  Marauder x4  
  171  13:43  Marauder  
  171  13:48  Marauder, Marine x4  
Show
View Real Time Build Order
Export as new Build Order

Vindicta Terran 

Build Orders: Mech 

Get SALT Encoding   

  12  0:00  SCV  
  13  0:12  SCV  
  14  0:17  Supply Depot  
  14  0:24  SCV  
  14  0:27  Refinery  
  15  0:38  SCV  
  16  0:44  Barracks  
  16  0:50  SCV  
  16  0:54  Refinery  
  17  1:02  SCV  
  18  1:19  SCV  
  19  1:32  Reaper, Orbital Command  
  20  1:39  Factory  
  20  1:51  Supply Depot  
  20  1:58  SCV  
  21  2:04  Reaper  
  22  2:10  SCV  
  23  2:22  SCV  
  24  2:23  Hellion  
  26  2:33  Command Center  
  26  2:35  SCV  
  27  2:39  Barracks Tech Lab  
  27  2:44  Supply Depot  
  27  2:48  SCV  
  28  2:55  Starport  
  28  3:07  Cyclone, Barracks Tech Lab  
  28  3:11  SCV  
  32  3:23  Refinery  
  32  3:24  SCV  
  33  3:35  Barracks Reactor  
  33  3:36  SCV  
  33  3:39  Raven  
  36  3:45  Orbital Command  
  36  3:48  SCV, Bunker  
  37  3:56  Cyclone  
  37  4:00  SCV  
  41  4:10  SCV  
  41  4:11  Marine x2  
  41  4:12  SCV  
  41  4:17  Supply Depot  
  45  4:22  SCV  
  45  4:24  SCV  
  38  4:34  Siege Tank  
  38  4:37  SCV  
  41  4:39  SCV  
  41  4:45  Viking  
  44  4:48  Viking  
  44  4:49  SCV  
  44  4:51  SCV  
  48  4:57  Marine  
  49  5:02  SCV  
  49  5:06  Siege Tank  
  53  5:15  Viking  
  53  5:17  SCV  
  53  5:18  Viking  
  53  5:19  SCV  
  59  5:29  SCV  
  59  5:30  Supply Depot  
  60  5:36  SCV  
  60  5:41  SCV  
  62  5:50  Command Center  
  62  5:52  Siege Tank  
  62  5:53  SCV, Supply Depot  
  62  5:54  Viking  
  68  6:01  SCV  
  69  6:09  SCV  
  70  6:15  SCV, Factory, Liberator  
  70  6:16  Refinery  
  74  6:21  SCV  
  75  6:26  Viking  
  75  6:27  SCV  
  78  6:36  Factory  
  78  6:46  SCV x2  
  76  6:56  Viking  
  76  6:58  Supply Depot  
  78  7:02  Viking, SCV x2, Orbital Command, Siege Tank  
  78  7:06  Supply Depot  
  85  7:14  SCV x2  
  77  7:17  Siege Tank  
  77  7:20  Orbital Command  
  80  7:26  SCV x2  
  80  7:27  Viking  
  73  7:33  Factory Reactor  
  73  7:36  Siege Tank  
  75  7:38  SCV x2  
  75  7:44  Viking  
  78  7:45  SCV  
  78  7:49  Refinery x2  
  78  7:50  SCV x2  
  81  7:55  Siege Tank  
  81  7:58  SCV  
  85  8:01  Viking  
  85  8:02  SCV x2  
  89  8:10  SCV  
  90  8:14  Viking, SCV x2  
  89  8:22  SCV  
  89  8:26  SCV x2  
  86  8:29  Siege Tank  
  86  8:30  Hellion x2  
  86  8:31  Liberator  
  96  8:34  SCV  
  96  8:36  Supply Depot x2  
  96  8:37  Siege Tank  
  96  8:38  SCV x2  
  102  8:45  Viking  
  102  8:46  SCV  
  102  8:50  Engineering Bay  
  102  8:51  SCV x2  
  102  8:54  Hellion  
  106  8:56  Command Center  
  106  8:58  SCV  
  106  9:00  Supply Depot  
  106  9:01  Supply Depot, Siege Tank  
  109  9:03  SCV  
  109  9:04  Hellion  
  109  9:05  SCV  
  109  9:09  Siege Tank  
  114  9:14  Viking  
  114  9:15  SCV  
  116  9:18  Viking  
  116  9:21  SCV  
  118  9:25  SCV  
  118  9:26  Supply Depot  
  118  9:27  SCV  
  120  9:32  Sensor Tower  
  120  9:33  SCV  
  120  9:35  Sensor Tower  
  120  9:37  Hellion x3  
  127  9:43  SCV  
  128  9:46  SCV, Missile Turret, Factory x2  
  128  9:48  Missile Turret  
  128  9:49  SCV, Missile Turret  
  130  9:55  Missile Turret x2  
  130  10:00  Armory  
  130  10:01  Armory, Hellion  
  130  10:06  Liberator  
  135  10:09  SCV x2  
  135  10:11  Hellion x2  
  141  10:21  Viking  
  146  10:22  Hellion  
  142  10:30  Hellion  
  142  10:31  Factory Reactor  
  142  10:32  Hellion  
  140  10:36  Hellion  
  139  10:46  Refinery x2  
  139  10:47  Missile Turret  
  139  10:49  Viking  
  141  10:51  Viking  
  141  10:57  Factory Reactor, Missile Turret  
  143  10:58  SCV x2, Siege Tank  
  143  10:59  SCV  
  143  11:04  Hellion x2  
  153  11:06  Supply Depot  
  153  11:08  Terran Vehicle Weapons Level 1, Terran Vehicle And Ship Armor Level 1  
  153  11:10  SCV x2  
  149  11:19  Missile Turret  
  149  11:21  Missile Turret  
  149  11:22  Hellion  
  149  11:23  Hellion  
  137  11:30  Command Center  
  137  11:32  Hellion  
  144  11:35  Siege Tank x2  
  144  11:41  Liberator x2  
  146  11:50  Supply Depot  
  146  11:51  Hellion  
  148  11:54  SCV  
  148  11:56  SCV x2  
  151  12:05  Factory Tech Lab  
  151  12:07  Orbital Command, Infernal Pre-Igniter, Siege Tank x2  
  157  12:12  SCV  
  157  12:13  SCV  
  137  12:24  SCV, Liberator  
  137  12:25  SCV  
  135  12:30  Siege Tank  
  135  12:33  Hellion  
  135  12:36  SCV, Hellion  
  140  12:37  SCV, Orbital Command  
  140  12:39  Siege Tank  
  140  12:43  Hellion  
  139  12:45  Hellion  
  139  12:48  SCV  
  122  12:52  SCV  
  122  12:56  Liberator  
  120  13:02  Hellion  
  120  13:04  SCV  
  126  13:07  Liberator  
  126  13:09  Hellion  
  125  13:14  SCV  
  125  13:17  SCV, Refinery  
  128  13:22  Siege Tank  
  133  13:31  Hellion  
  138  13:38  SCV x3  
  138  13:39  Viking  
  141  13:50  SCV x2  
  141  13:54  SCV  
  141  13:55  Refinery  
  136  13:56  Refinery  
Tags
 
Add a new tag
Caveats
  • Supply blocks, unpowered buildings, or Contaminate may cause inaccurate times.
  • Supply counts are checked every 10 seconds.